 Dungeon Crawl Stone Soup version 0.19.1 (webtiles) character file.

1061 spooks32 the Archer (level 8, 0/70 HPs)
             Began as a Centaur Hunter on Dec 15, 2016.
             Succumbed to a killer bee's poison
             ... on level 8 of the Dungeon.
             The game lasted 00:26:46 (6603 turns).

spooks32 the Archer (Centaur Hunter)                Turns: 6603, Time: 00:26:47

Health: 0/70       AC:  7    Str: 20    XL:     8   Next: 6%
Magic:  8/8        EV:  9    Int: 10    God:
Gold:   199        SH:  0    Dex: 14    Spells: 0 memorised, 7 levels left

rFire  + . .     SeeInvis .     a - +1 shortbow
rCold  . . .     Gourm    .     o - +1 ring mail {rC+}
rNeg   . . .     Faith    .     (shield currently unavailable)
rPois  .         Spirit   .     (no helmet)
rElec  .         Reflect  .     (no cloak)
rCorr  .         Harm     .     z - +0 pair of gloves
MR     .....                    (no barding)
Stlth  ..........               (no amulet)
                                (no ring)
                                p - ring of fire

@: mighty, lethally poisoned (0 -> -9), very quick
A: hooves 3, agile 1, deformed body, speed 2, tough skin 3
a: no special abilities


You were on level 8 of the Dungeon.
You were not hungry.

You visited 1 branch of the dungeon, and saw 7 of its levels.
You also visited: Sewer and Ossuary.

You collected 199 gold pieces.

Inventory:

Hand Weapons
 a - a +1 shortbow (weapon)
 y - a cursed +0 morningstar of draining
 A - a +1 long sword
Missiles
 d - 87 arrows (quivered)
Armour
 c - a +0 leather armour
 o - a +1 ring mail of cold resistance (worn)
 z - a +0 pair of gloves (worn)
Jewellery
 p - a ring of fire (left hand)
Scrolls
 q - 2 scrolls of remove curse
 u - a scroll of recharging
 v - 3 scrolls of fear
 x - 2 scrolls of teleportation
Potions
 e - 2 potions of flight
 k - a potion of cure mutation
 l - 2 potions of brilliance
 r - a potion of invisibility
 B - a potion of might
Comestibles
 f - 3 bread rations
 i - 4 meat rations
 m - 2 slices of pizza
 n - 8 fruits


   Skills:
 * Level 5.7 Fighting
   Level 0.6 Short Blades
 * Level 11.0 Bows
 - Level 0.8 Armour
 - Level 1.3 Dodging
 - Level 0.4 Stealth


You had 7 spell levels left.
You didn't know any spells.

Dungeon Overview and Level Annotations

Branches:
Dungeon (6/15)
 Temple: D:4-7

Altars:
Ashenzari
Elyvilon
Uskayaw
Yredelemnul
Zin

Shops:
D:4 (

Annotations:
D:2 Jessica, Sigmund
D:4 Eustachio
D:5 Dowan, Duvessa


Innate Abilities, Weirdness & Mutations

You have hooves in place of feet.
Armour fits poorly on your strangely shaped body.
You cover ground very quickly.
You have extremely tough skin. (AC +3)
You are agile. (Dex +2)


Message History

* * * LOW HITPOINT WARNING * * *
You feel sick.
* * * LOW HITPOINT WARNING * * *
You feel sick.
* * * LOW HITPOINT WARNING * * *
You feel sick.
* * * LOW HITPOINT WARNING * * *
You feel sick.
* * * LOW HITPOINT WARNING * * *
You feel sick.
There is a lethal amount of poison in your body!
* * * LOW HITPOINT WARNING * * *
You feel sick.
* * * LOW HITPOINT WARNING * * *
You feel sick.
* * * LOW HITPOINT WARNING * * *
You feel sick.
* * * LOW HITPOINT WARNING * * *
You feel sick.
You die...

#.# #.# #.# #.#
#.# #§# #§# #@#
#§#
#.)..§§§......
...y....##)####
######### #


There were no monsters in sight!

Vanquished Creatures
  A sky beast (D:5)
  A centaur (D:5)
  An ogre (D:6)
  2 bullfrogs (D:6)
  A scorpion (D:5)
  3 killer bees (D:8)
  2 wights (Ossuary)
  2 centaur zombies
  An iguana (D:5)
  A worker ant (D:4)
  A killer bee zombie (D:6)
  A hound skeleton (D:6)
  A gnoll (D:1)
  7 river rats (Sewer)
  6 adders
  2 shadow imps
  2 oozes
  2 adder zombies
  A worm (D:3)
  2 dart slugs
  7 leopard geckos
  6 orcs
  2 giant cockroaches (D:4)
  10 goblins
  6 hobgoblins
  8 jackals
  7 kobolds
  2 ball pythons
  2 ball python skeletons (Ossuary)
  6 bats
  11 frilled lizards
  2 hobgoblin skeletons (Ossuary)
  3 orc skeletons (Ossuary)
  An orc zombie (Ossuary)
  14 rats
127 creatures vanquished.

Notes
Turn   | Place    | Note
-------+----------+-------------------------------------------
     0 | D:1      | spooks32 the Centaur Hunter began the quest for the Orb.
     0 | D:1      | Reached XP level 1. HP: 17/17 MP: 1/1
   139 | D:1      | Reached XP level 2. HP: 9/24 MP: 2/2
   352 | D:1      | Reached skill level 6 in Bows
   563 | D:1      | Reached XP level 3. HP: 26/29 MP: 3/3
  1118 | D:2      | Noticed Sigmund
  1417 | D:3      | Found a shattered altar of Ashenzari.
  1926 | D:3      | Reached XP level 4. HP: 36/36 MP: 4/4
  2181 | D:2      | Found a glowing silver altar of Zin.
  2280 | D:2      | Noticed Jessica
  2373 | D:4      | Found a basalt altar of Yredelemnul.
  2376 | D:4      | Reached skill level 7 in Bows
  2524 | D:4      | Found a sand-covered staircase.
  2530 | Ossuary  | Entered an ossuary
  2687 | Ossuary  | Reached XP level 5. HP: 37/42 MP: 5/5
  2790 | Ossuary  | Noticed a wraith
  2790 | Ossuary  | Noticed a flying skull
  2803 | Ossuary  | Noticed a flying skull
  2826 | Ossuary  | Noticed a flying skull
  2834 | Ossuary  | Noticed a flying skull
  2855 | Ossuary  | Reached skill level 8 in Bows
  3137 | Ossuary  | Noticed a wraith
  3324 | D:4      | Found Tesiehir's Antique Weapon Shop.
  3684 | D:4      | Noticed Eustachio
  3854 | D:5      | Entered Level 5 of the Dungeon
  3883 | D:5      | Noticed a sky beast
  3905 | D:5      | Killed a sky beast
  3905 | D:5      | Reached skill level 9 in Bows
  3905 | D:5      | Reached XP level 6. HP: 44/51 MP: 6/6
  4348 | D:6      | Reached XP level 7. HP: 52/59 MP: 7/7
  4408 | D:6      | Found a glowing drain.
  4468 | Sewer    | Entered a sewer
  5339 | D:6      | Found a hide-covered altar of Uskayaw.
  5370 | D:6      | Reached skill level 10 in Bows
  5837 | D:6      | Reached skill level 5 in Fighting
  5993 | D:5      | Noticed Duvessa
  5996 | D:5      | Noticed Dowan
  6023 | D:5      | Found a white marble altar of Elyvilon.
  6372 | D:6      | You fall through a shaft for 2 floors!
  6588 | D:8      | Reached XP level 8. HP: 26/69 MP: 8/8
  6589 | D:8      | Reached skill level 11 in Bows
  6591 | D:8      | Gained mutation: You are agile. (Dex +2) [potion of beneficial mutation]
  6600 | D:8      | HP: 3/70 [poisoned by a killer bee]
  6602 | D:8      | HP: 1/70 [poisoned by a killer bee]
  6603 | D:8      | Succumbed to a killer bee's poison

Skill      XL: |  1  2  3  4  5  6  7  8 |
---------------+-------------------------+-----
Bows           | 6 7 9 10 11 | 11.0
Fighting       | 3 4 5 |  5.7
Short Blades   | |  0.6
Armour         | |  0.8
Dodging        | |  1.3
Stealth        | |  0.4

Action                   |  1- 3 |  4- 6 |  7- 9 || total
-------------------------+-------+-------+-------++-------
Melee: Short sword       |    95 |    68 |       ||   163
       Kick              |    21 |    16 |    41 ||    78
       Long sword        |       |     3 |   163 ||   166
 Fire: Shortbow          |    40 |    89 |    67 ||   196
  Use: Scroll            |     5 |    13 |     5 ||    23
       Potion            |       |       |    16 ||    16
  Eat: Chunk             |     2 |       |     1 ||     3
       Bread ration      |       |     2 |     1 ||     3
Armor: Leather armour    |    56 |     7 |       ||    63
       Ring mail         |       |    29 |   113 ||   142
Dodge: Dodged            |    52 |    37 |   129 ||   218
       Rpst.: Long sword |       |       |    38 ||    38
